 Dungeon Crawl Stone Soup version 0.24.0-125-gc4c63601f3 (webtiles) character file.

Game seed: 10485265623693028117, levelgen mode: deterministic

14924 TheDeThijs the Basher (level 11, -2/101 HPs)
             Began as a Minotaur Berserker on Mar 3, 2020.
             Was a High Priest of Trog.
             Killed from afar by an electric eel (7 damage)
             ... with a bolt of electricity
             ... on level 10 of the Dungeon.
             The game lasted 00:36:36 (10184 turns).

TheDeThijs the Basher (Minotaur Berserker)         Turns: 10184, Time: 00:36:37

Health: -2/101     AC: 15    Str: 24    XL:     11   Next: 95%
Magic:  10/10      EV: 16    Int:  4    God:    Trog [*****.]
Gold:   418        SH:  0    Dex: 11    Spells: 10/10 levels left

rFire    . . .     SeeInvis +   C - +4 flail (protect)
rCold    . . .     Gourm    .   (no shield)
rNeg     . . .     Faith    .   g - +2 scale mail {rPois}
rPois    +         Spirit   .   (helmet restricted)
rElec    .         Reflect  .   w - +0 cloak
rCorr    .         Harm     .   n - +2 pair of gloves
MR       .....                  (no boots)
Stlth    ..........             (no amulet)
HPRegen  0.26/turn              y - +5 ring of evasion
MPRegen  0.12/turn              z - ring of see invisible

@: very slow
A: retaliatory headbutt, horns 2
a: Berserk, Trog's Hand, Brothers in Arms, Renounce Religion


You were on level 10 of the Dungeon.
You worshipped Trog.
Trog was extremely pleased with you.
You were not hungry.

You visited 1 branch of the dungeon, and saw 10 of its levels.

You collected 614 gold pieces.
You spent 196 gold pieces at shops.

Inventory:

Hand Weapons
 C - a +4 flail of protection (weapon)
Missiles
 d - 2 javelins
 h - 200 stones (quivered)
 A - 7 poisoned darts
 F - 23 boomerangs
Armour
 g - a +2 scale mail of poison resistance (worn)
 n - a +2 pair of gloves (worn)
 w - a +0 cloak (worn)
 K - a cursed +0 scale mail
Jewellery
 a - an uncursed ring of poison resistance
 y - a +5 ring of evasion (left hand)
 z - a ring of see invisible (right hand)
Wands
 m - a wand of disintegration (16)
 o - a wand of polymorph (13)
 s - a wand of iceblast (13)
 t - a wand of acid (4)
 B - a wand of digging (1)
 E - a wand of flame (21)
Scrolls
 b - a scroll of noise
 j - a scroll of teleportation
 l - 3 scrolls of amnesia
 q - 4 scrolls of fog
 D - a scroll of remove curse
 H - a scroll of summoning
 J - a scroll of identify
Potions
 e - 3 potions of curing {unknown}
 f - 2 potions of cancellation {unknown}
 i - a potion of heal wounds
 k - 2 potions of lignification {unknown}
 p - 2 potions of agility {unknown}
 r - 3 potions of degeneration {unknown}
 u - 2 potions of mutation {unknown}
 v - 4 potions of brilliance
 x - 2 potions of resistance {unknown}
 G - 4 potions of haste {unknown}
Comestibles
 c - 12 rations


   Skills:
 + Level 10.3 Fighting
 - Level 14.1 Maces & Flails
 - Level 10.0 Throwing
 + Level 10.3 Armour
 - Level 3.0 Dodging


You had 10 spell levels left.
You didn't know any spells.
Your spell library was empty.

Dungeon Overview and Level Annotations

Branches:
Dungeon (10/15)            Temple (0/1) D:5            Lair (0/6) D:10
    Orc (0/2) D:9

Altars:
Ashenzari
Cheibriados
Elyvilon
Hepliaklqana
Kikubaaqudgha
Makhleb
Qazlal
Sif Muna
Trog
Uskayaw
Xom
The Shining One

Shops:
D:6 }   D:7 [**?(

Annotations:
D:1 exclusion: downstairs


Innate Abilities, Weirdness & Mutations

You reflexively headbutt those who attack you in melee.
You have a pair of horns on your head.


Message History

The electric eel shoots out a bolt of lightning at you!
The bolt of electricity hits the electric eel.
The electric eel completely resists.
The bolt of electricity hits you!
The electric eel shoots out a bolt of lightning at you!
The bolt of electricity hits you!
* * * LOW HITPOINT WARNING * * *
The bolt of electricity misses you.
The bolt of electricity hits the electric eel.
The electric eel completely resists.
The electric eel shoots out a bolt of lightning at you!
The bolt of electricity hits you!
* * * LOW HITPOINT WARNING * * *
The bolt of electricity hits you.
* * * LOW HITPOINT WARNING * * *
The electric eel shoots out a bolt of lightning at you!
The bolt of electricity hits the electric eel.
The electric eel completely resists.
The bolt of electricity hits you!
* * * LOW HITPOINT WARNING * * *
The bolt of electricity hits you!
You die...

#.##≈≈####≈≈##.≈≈#≈≈≈
#####.##≈## ##≈#≈≈≈###.#
#.....###.#######≈...#...
###.#...#
##....###........
#.......#
#....'.#........
#.#.#...#
#....'.'........
#.#.##..#
##....###........
#.#.....###.#####
#....#... #....#..##@##
##≈.###.# ####.#..##;≈#
#≈≈.#≈≈≈ #.#..#≈†;#
##≈≈≈≈≈≈ #.#..#≈≈≈#
##.#≈.≈ #.#..#≈≈≈# ##..#.
##.#..#≈;≈≈≈≈;;≈; ##.##
#.....#≈≈≈≈≈≈≈≈≈≈ ##.#
#..#..#≈≈≈≈≈≈#.≈≈ ##.
#..##.#≈≈≈≈≈≈# .≈ ##


You could see 3 electric eels.

Vanquished Creatures
  Harold (D:10)
  Erolcha (D:9)
  Erica (D:8)
  3 two-headed ogres
  2 unseen horrors (D:10)
  Pikel (D:6)
  A deep elf mage (D:9)
  A cyclops (D:10)
  Psyche (D:8)
  A queen bee (D:9)
  2 trolls
  Prince Ribbit (D:8)
  Grinder (D:4)
  3 hippogriffs
  3 yaks (D:10)
  A wyvern (D:8)
  A vampire (D:9)
  Menkaure (D:6)
  Edmund (D:6)
  A water moccasin (D:9)
  3 porcupines (D:10)
  5 orc warriors
  4 ice beasts
  A sky beast (D:7)
  4 black bears
  A necrophage (D:6)
  4 ogres
  6 centaurs
  5 bullfrogs
  14 killer bees (D:9)
  9 wights
  2 jellies (D:9)
  3 electric eels (D:10)
  4 howler monkeys
  7 crimson imps
  A centaur zombie (D:9)
  3 bullfrog zombies
  8 hounds
  5 orc priests
  2 bullfrog skeletons
  3 centaur skeletons
  6 iguanas
  6 orc wizards
  6 worker ants
  A hound zombie (D:5)
  A worker ant zombie (D:7)
  11 adders
  10 gnolls
  An ooze (D:6)
  An adder zombie (D:4)
  4 worms
  3 dart slugs
  5 leopard geckos
  20 orcs
  4 giant cockroaches
  3 goblins
  9 hobgoblins
  18 jackals
  10 kobolds
  2 quokkas
  3 ball pythons
  A ball python skeleton (D:5)
  7 bats
  8 frilled lizards
  A jackal zombie (D:8)
  2 leopard gecko skeletons (D:4)
  A leopard gecko zombie (D:4)
  10 rats
276 creatures vanquished.

Vanquished Creatures (others)
  A slave (D:6)
  A jackal (D:9)
2 creatures vanquished.

Grand Total: 278 creatures vanquished

Notes
Turn   | Place    | Note
-------+----------+-------------------------------------------
     0 | D:1      | TheDeThijs the Minotaur Berserker began the quest for the
                  | Orb.
     0 | D:1      | Reached XP level 1. HP: 19/19 MP: 0/0
    36 | D:1      | Reached skill level 4 in Maces & Flails
    36 | D:1      | Reached XP level 2. HP: 15/27 MP: 1/1
   933 | D:2      | Noticed a howler monkey
  1027 | D:2      | Found a snail-covered altar of Cheibriados.
  1037 | D:2      | Reached XP level 3. HP: 33/33 MP: 2/2
  1096 | D:2      | Reached ** piety under Trog
  1313 | D:2      | Reached skill level 5 in Maces & Flails
  1313 | D:2      | Reached XP level 4. HP: 26/41 MP: 3/3
  1549 | D:2      | Found a glowing golden altar of the Shining One.
  1629 | D:2      | Found a burning altar of Makhleb.
  1826 | D:2      | Reached skill level 1 in Throwing
  1894 | D:2      | Found a hazy altar of Hepliaklqana.
  1896 | D:2      | Found a bloodstained altar of Trog.
  1983 | D:3      | Reached XP level 5. HP: 47/47 MP: 4/4
  1999 | D:3      | Found an ancient bone altar of Kikubaaqudgha.
  2335 | D:3      | Reached skill level 5 in Fighting
  2413 | D:3      | Reached skill level 6 in Maces & Flails
  2791 | D:4      | Reached XP level 6. HP: 31/56 MP: 5/5
  3036 | D:4      | Found a shattered altar of Ashenzari.
  3105 | D:4      | Noticed Grinder
  3117 | D:4      | Killed Grinder
  3117 | D:4      | Reached skill level 7 in Maces & Flails
  3249 | D:4      | Reached XP level 7. HP: 61/61 MP: 6/6
  3598 | D:5      | Entered Level 5 of the Dungeon
  3654 | D:5      | Noticed a hippogriff
  3698 | D:5      | Killed a hippogriff
  3953 | D:5      | Found a shimmering blue altar of Sif Muna.
  4056 | D:5      | Found a white marble altar of Elyvilon.
  4075 | D:5      | Reached skill level 8 in Maces & Flails
  4127 | D:5      | Reached *** piety under Trog
  4147 | D:5      | Found a shimmering altar of Xom.
  4239 | D:5      | Reached XP level 8. HP: 64/68 MP: 7/7
  4241 | D:5      | Found a staircase to the Ecumenical Temple.
  4554 | D:6      | Noticed Edmund
  4566 | D:6      | Killed Edmund
  4566 | D:6      | Reached skill level 5 in Throwing
  4605 | D:6      | Reached skill level 9 in Maces & Flails
  4885 | D:6      | Noticed Pikel
  4890 | D:6      | Killed Pikel
  4890 | D:6      | Reached skill level 10 in Maces & Flails
  4890 | D:6      | Reached XP level 9. HP: 73/73 MP: 8/8
  4947 | D:6      | Got a smoking leather armour
  4958 | D:6      | Identified the +1 leather armour "Qevuo" {Int+4} (You found
                  | it on level 6 of the Dungeon)
  5092 | D:6      | Noticed Menkaure
  5106 | D:6      | Killed Menkaure
  5114 | D:6      | Received a gift from Trog
  5317 | D:6      | Found Qunitredo's Gadget Shop.
  5429 | D:7      | Found Isiuply's Assorted Antiques.
  5431 | D:7      | Found Ohonan's Magic Scroll Emporium.
  5436 | D:7      | Bought a runed scale mail for 196 gold pieces
  5586 | D:7      | Found a stormy altar of Qazlal.
  5629 | D:7      | Reached skill level 11 in Maces & Flails
  5673 | D:7      | Found Iskuki's Assorted Antiques.
  5826 | D:7      | Reached skill level 5 in Armour
  5944 | D:7      | Reached **** piety under Trog
  5973 | D:7      | Found Pim Buy's Antique Weapon Emporium.
  6329 | D:7      | Found Nood's Antique Armour Shoppe.
  6539 | D:8      | Noticed Psyche
  6548 | D:8      | Killed Psyche
  6548 | D:8      | Reached skill level 12 in Maces & Flails
  6652 | D:8      | Reached XP level 10. HP: 71/81 MP: 9/9
  7057 | D:8      | Received a gift from Trog
  7060 | D:8      | Noticed Erica
  7070 | D:8      | Killed Erica
  7073 | D:8      | Reached skill level 10 in Throwing
  7115 | D:8      | Noticed Prince Ribbit
  7134 | D:8      | Killed Prince Ribbit
  7454 | D:9      | Noticed a deep elf mage
  7467 | D:9      | Reached skill level 13 in Maces & Flails
  7528 | D:9      | Killed a deep elf mage
  7882 | D:9      | Found a staircase to the Orcish Mines.
  8054 | D:9      | Found a hide-covered altar of Uskayaw.
  8143 | D:9      | Noticed a two-headed ogre
  8149 | D:9      | Killed a two-headed ogre
  8149 | D:9      | Reached XP level 11. HP: 92/92 MP: 10/10
  8373 | D:9      | Noticed Erolcha
  8374 | D:9      | Paralysed by Erolcha for 2 turns
  8379 | D:9      | Killed Erolcha
  8391 | D:9      | Noticed a two-headed ogre
  8400 | D:9      | Killed a two-headed ogre
  8400 | D:9      | Reached skill level 14 in Maces & Flails
  8499 | D:9      | Received a gift from Trog
  9074 | D:10     | Entered Level 10 of the Dungeon
  9077 | D:10     | Noticed a two-headed ogre
  9098 | D:10     | Killed a two-headed ogre
  9305 | D:10     | Noticed Harold
  9314 | D:10     | Killed Harold
  9355 | D:10     | Noticed an unseen horror
  9361 | D:10     | Killed an unseen horror
  9654 | D:10     | Reached skill level 10 in Fighting
  9838 | D:10     | Found a staircase to the Lair.
  9900 | D:10     | Noticed an unseen horror
  9909 | D:10     | Killed an unseen horror
  9909 | D:10     | Reached skill level 10 in Armour
  9977 | D:10     | Reached ***** piety under Trog
 10184 | D:10     | HP: 5/101 [electric eel/bolt of electricity (8)]
 10184 | D:10     | Killed from afar by an electric eel

Levels and vault maps discovered:
D:1:      erik_arrival_blinker_ship, layout_basic
D:2:      layout_loops_ring, lemuel_doored_altar, old_standard_altar,
          makhleb_blood_cavern_becter, minitemple, first_ration,
          minmay_distorted
D:3:      layout_basic, lemuel_coloured_pillars_altar, st_stairs_14,
          chequers_decorated_corner
D:4:      layout_basic, ashenzari_conservatory_becter, serial_undead,
          serial_undead_b, serial_undead_c, serial_undead_e, serial_undead_c,
          uniq_grinder
D:5:      layout_basic, lemuel_blue_sif_altar, nicolae_overflow_hidden_temple,
          kennysheep_little_box, temple_fountains, hex_tiny
D:6:      layout_basic, serial_shops, nicolae_shop_behind_doors,
          supply_closet_lemuel, water_boxes_lemuel, uniq_edmund, uniq_pikel,
          uniq_menkaure
D:7:      layout_gridville, grunt_qazlal_sundering, serial_shops,
          nicolae_shop_competitors_out_of_business, nicolae_shop_trees,
          nicolae_shop_trees, shop, shop
D:8:      layout_basic, uniq_psyche, uniq_erica, uniq_prince_ribbit1
D:9:      layout_stronghold, eat_drink_and_be_merry_uskayaw, david_orc_3,
          david_nohive_1, minmay_alternating_orb, uniq_erolcha
D:10:     wad_lake_hut, layout_basic, grunt_lair_entry_orc_guard_hut,
          serial_curves, eino_curves_03, eino_curves_03, eino_curves_03,
          lightli_minifort, uniq_harold

Skill      XL: |  1  2  3  4  5  6  7  8  9 10 11 |
---------------+----------------------------------+-----
Fighting       | 4 5 7 10 | 10.3
Maces & Flails | 4 5 6 7 8 10 12 13 14 | 14.1
Throwing       | 1 2 4 7 9 10 | 10.0
Armour         | 3 4 5 6 10 | 10.3
Dodging        | 3 |  3.0

Action                   |  1- 3 |  4- 6 |  7- 9 | 10-12 || total
-------------------------+-------+-------+-------+-------++-------
Melee: Mace              |    68 |    96 |    31 |       ||   195
       Headbutt          |     9 |    11 |    39 |    59 ||   118
       Flail             |       |       |   186 |   298 ||   484
Throw: Stone             |     9 |    48 |   126 |    32 ||   215
       Dart              |    11 |    12 |    53 |    24 ||   100
       Javelin           |       |       |     4 |    27 ||    31
Invok: Berserk           |     3 |     3 |     3 |     6 ||    15
       Trog's Hand       |       |     3 |     2 |     2 ||     7
  Use: Scroll            |       |     3 |     2 |     9 ||    14
       Potion            |       |       |     1 |     3 ||     4
 Stab: Sleeping          |     1 |       |       |       ||     1
  Eat: Chunk             |     3 |     9 |    10 |    17 ||    39
       Ration            |       |     1 |     1 |       ||     2
Armor: Animal skin       |     8 |     9 |       |       ||    17
       Leather armour    |       |    19 |    26 |       ||    45
       Scale mail        |       |       |    21 |   109 ||   130
Dodge: Dodged            |    34 |    67 |   138 |   231 ||   470
